Map: King's Cove LE

Players

Mesrob - Winner!

  • Race: Terran Terran
  • League: Platinum
  • Spawn Location: 11:00

VOD

Have the link to the VOD?

Description

Time

  • Played on: Aug. 10, 2019, 12:08 p.m.
  • Length: 8:37
Show
View Real Time Build Order
Export as new Build Order

Mesrob Terran - Winner!

Build Orders:  

Get SALT Encoding   

  12  0:01  SCV  
  13  0:18  SCV  
  14  0:26  Supply Depot  
  14  0:35  SCV  
  15  0:53  Refinery  
  15  1:36  Barracks  
  15  1:56  Barracks  
  15  2:01  SCV  
  16  2:53  SCV  
  16  2:56  Marine  
  18  3:10  SCV  
  19  3:25  Refinery  
  19  3:26  Marine  
  19  3:27  Marine, SCV  
  21  3:51  Marine  
  21  3:52  Marine  
  23  4:04  Factory  
  23  4:30  Command Center  
  23  4:36  Orbital Command  
  23  4:47  Supply Depot  
  23  5:14  Factory Tech Lab  
  23  5:17  Marine  
  23  5:18  Marine  
  25  5:30  Starport  
  25  5:40  Supply Depot  
  25  5:42  Marine x2  
  27  5:54  Siege Tank  
  30  6:07  Marine  
  31  6:10  Marine  
  31  6:18  Supply Depot  
  32  6:32  Marine  
  32  6:35  Marine  
  32  6:37  Medivac  
  32  6:39  Siege Tank  
  39  6:57  Marine  
Tags
 
League
Platinum
Matchup
Co-op
Replay Pack
sc2 replays
Add a new tag
Caveats
  • Supply blocks, unpowered buildings, or Contaminate may cause inaccurate times.
  • Supply counts are checked every 10 seconds.